 Dungeon Sprint DCSS version 0.19-a0-19-gf75ed07 (webtiles) character file.

270 Kidiri the Covert (level 6, -3/32 HPs)
             Began as a Spriggan Enchanter on Apr 30, 2016.
             Slain by a neqoxec (15 damage)
             ... in the Dungeon (Sprint II: "The Violet Keep of Menkaure").
             The game lasted 00:14:47 (46 turns).

Kidiri the Covert (Spriggan Enchanter)                Turns: 46, Time: 00:14:48

Health: -3/32      AC:  3    Str:  4      XL:     6   Next: 1%
Magic:  9/15       EV: 24    Int: 13 (17) God:
Gold:   0          SH:  0    Dex: 18      Spells: 1 memorised, 17 levels left

rFire  . . .     SeeInvis +     a - +1 dagger
rCold  . . .     Gourm    .     b - +1 robe
rNeg   . . .     Faith    .     (shield restricted)
rPois  .         Spirit   .     (helmet restricted)
rElec  .         Dismiss  .     (no cloak)
rCorr  .         Reflect  .     (gloves unavailable)
SustAt .         Harm     .     (boots unavailable)
MR     +....     Rnd*Rage +     (no amulet)
Stlth  +++++..... NoTele   +    (no ring)
                                (no ring)

@: exhausted, very slightly contaminated, hasted and slowed, very quick,
somewhat resistant to hostile enchantments, quite stealthy
A: unfitting armour, hooves 1, see invisible, berserk 1, herbivore 3, speed 3,
low mp 1, slow metabolism 2
a: no special abilities


You were in the Dungeon.
You were not hungry.

You visited 1 branch

Inventory:

Hand Weapons
 a - a +1 dagger (weapon)
Armour
 b - a +1 robe (worn)
Scrolls
 j - a scroll of blinking
Potions
 e - a potion of curing
 h - 2 potions of magic
Books
 c - a book of Maledictions

   Spells                             Type                      Level
   a - Corona                         Hexes                        1
   b - Ensorcelled Hibernation        Hexes/Ice                    2
   c - Confuse                        Hexes                        3
   d - Tukima's Dance                 Hexes                        3
   e - Dazzling Spray                 Conjuration/Hexes            3
Comestibles
 d - a bread ration


   Skills:
 + Level 2.9 Fighting
 * Level 5.7 Short Blades
 + Level 2.5 Armour
 * Level 8.2 Dodging
 * Level 9.5 Stealth
 * Level 6.8 Spellcasting
 + Level 5.6 Hexes


You had 17 spell levels left.
You knew the following spells:

 Your Spells              Type           Power        Failure   Level  Hunger
a - Corona                Hex            ###....      1%          1    None


Dungeon Overview and Level Annotations

Branches:
Dungeon (1/1)

Altars:


Innate Abilities, Weirdness & Mutations

You are tiny and cannot use many weapons and most armour.
You have supernaturally acute eyesight.
You are a herbivore.
You cover ground extremely quickly.
You need consume almost no food.
You have large cloven feet.
You tend to lose your temper in combat.
Your magical capacity is low (-10% MP).


Message History

You miss the neqoxec. Your kick misses the neqoxec.
The neqoxec is moderately wounded.
The crimson imp misses you. The neqoxec completely misses you.
You hit the neqoxec but do no damage.
The neqoxec is moderately wounded.
The crimson imp hits you but does no damage.
You hit the neqoxec but do no damage. Your kick misses the neqoxec.
The neqoxec is moderately wounded.
The neqoxec completely misses you.
Unknown command.
You hit the neqoxec. You kick the neqoxec, but do no damage.
The neqoxec is heavily wounded.
The crimson imp blinks!
The neqoxec completely misses you.
You hit the neqoxec. Your kick misses the neqoxec.
The neqoxec is heavily wounded.
The crimson imp blinks!
You closely miss the neqoxec.
The neqoxec is heavily wounded.
The neqoxec hits you!
You die...

## ## . . .#a
# #a# # ##.
#+# .#
#.B.##ยง##5.#
#+.<@33#
#.B$##.##.#
##. #+# 5# #
.$. # ..#m.
##. .## ## ##


You could see 2 neqoxecs, a quasit and a crimson imp.

Vanquished Creatures
  2 neqoxecs (D)
2 creatures vanquished.

Vanquished Creatures (others)
  A crocodile (D)
1 creature vanquished.

Grand Total: 3 creatures vanquished

Notes
Turn   | Place    | Note
--------------------------------------------------------------
     0 | D        | Kidiri the Spriggan Enchanter began the quest for the Orb.
     0 | D        | Reached XP level 1. HP: 9/9 MP: 5/5
     1 | D        | Noticed a worker ant
     1 | D        | Noticed a worker ant
     4 | D        | Noticed a boulder beetle
     4 | D        | Noticed a boulder beetle
     7 | D        | Noticed a siren
    10 | D        | Noticed a neqoxec
    10 | D        | Noticed a neqoxec
    10 | D        | Noticed a neqoxec
    10 | D        | Noticed a neqoxec
    12 | D        | Gained mutation: You have large cloven feet. [a neqoxec]
    13 | D        | Noticed a crimson imp
    19 | D        | Noticed a quasit
    22 | D        | Killed a neqoxec
    22 | D        | Reached skill level 1 in Armour
    22 | D        | Reached skill level 8 in Stealth
    22 | D        | Reached skill level 5 in Spellcasting
    22 | D        | Reached skill level 5 in Hexes
    22 | D        | Reached XP level 2. HP: 2/15 MP: 5/9
    22 | D        | Reached XP level 3. HP: 3/18 MP: 6/11
    22 | D        | Reached XP level 4. HP: 4/23 MP: 6/12
    22 | D        | Reached XP level 5. HP: 4/26 MP: 7/14
    25 | D        | Killed a neqoxec
    25 | D        | Reached skill level 5 in Short Blades
    25 | D        | Reached skill level 9 in Stealth
    25 | D        | Reached XP level 6. HP: 6/32 MP: 7/16
    28 | D        | Gained mutation: Your magical capacity is low (-10% MP). [a neqoxec]
    39 | D        | Gained mutation: You tend to lose your temper in combat. [a neqoxec]
    46 | D        | Slain by a neqoxec

Vault maps used:
D:        the_violet_keep_of_menkaure

Skill      XL: |  1  2  3  4  5 |
---------------+----------------+-----
Fighting       | 2 |  2.9
Short Blades   | 4 5 |  5.7
Armour         | 1 2 |  2.5
Dodging        | 6 8 |  8.2
Stealth        | 8 9 |  9.5
Spellcasting   | 5 6 |  6.8
Hexes          | 5 |  5.6

Action                   |  1- 3 |  4- 6 || total
-------------------------+-------+-------++-------
Melee: Dagger            |    11 |    22 ||    33
       Kick              |     5 |     7 ||    12
  Use: Potion            |     1 |     2 ||     3
Armor: Robe              |       |     3 ||     3
Dodge: Dodged            |     4 |    16 ||    20
